 Dungeon Crawl Stone Soup version 0.30-a0-576-g89cddaab80 (webtiles) character file.

Game seed: 1060635297760403584

65 greenreed the Trooper (level 3, -10/34 HPs)
             Began as a Minotaur Fighter on Dec 30, 2022.
             Killed from afar by Ijyb (17 damage)
             ... with a bolt of acid
             ... on level 3 of the Dungeon.
             The game lasted 00:02:48 (1661 turns).

greenreed the Trooper (Minotaur Fighter)            Turns: 1661, Time: 00:02:49

Health: -10/34     AC: 11    Str: 22    XL:     3   Next: 94%
Magic:  2/2        EV:  6    Int:  5    God:
Gold:   63         SH:  4    Dex:  9    Spells: 2/2 levels left

rFire   . . .      SeeInvis .    a - +0 flail
rCold   . . .      Faith    .    c - +0 buckler
rNeg    . . .      Spirit   .    l - +0 plate armour
rPois   .          Reflect  .    (helmet restricted)
rElec   .          Harm     .    (no cloak)
rCorr   .          Rampage  .    (no gloves)
Will    .....                    (no boots) Stlth
                                 (no amulet)
HPRegen 0.25/turn                (no ring)
MPRegen 0.08/turn                (no ring)

@: mighty, lethally poisoned (-10 -> -18)
A: horns 2, retaliatory headbutt
a: no special abilities


You were on level 3 of the Dungeon.
You visited 1 branch of the dungeon, and saw 3 of its levels.

You collected 63 gold pieces.

Inventory:

Hand Weapons
 a - a +0 flail (weapon)
Armour
 c - a +0 buckler (worn)
 l - a +0 plate armour (worn)
Scrolls
 e - 4 scrolls of identify {unknown}
 f - a scroll of teleportation {unknown}
 g - a scroll of blinking {unknown}
 j - a scroll of noise {unknown}
 o - a scroll of brand weapon {unknown}
Potions
 b - a potion of attraction {unknown}
 d - a potion of might
 h - a potion of haste {unknown}
 i - a potion of resistance {unknown}
 k - a potion of flight {unknown}
 m - a potion of heal wounds {unknown}
 n - 2 potions of curing {unknown}


   Skills:
 * Level 4.4 Fighting
 * Level 3.2 Maces & Flails
 + Level 4.1 Armour
 + Level 0.3 Dodging
 + Level 4.3 Shields


You had 2 spell levels left.
You didn't know any spells.
Your spell library was empty.

Dungeon Overview and Level Annotations

Branches:
Dungeon (3/15)

Altars:

Shops:
D:2 :

Annotations:
D:3 Ijyb


Innate Abilities, Weirdness & Mutations

You have a pair of horns on your head.
You reflexively headbutt those who attack you in melee.


Message History

There is a stone staircase leading down here.
You climb downwards.
There is a stone staircase leading up here.
A kobold comes into view. It is wielding a +0 short sword.
The kobold shouts!
You hear a shout!
The kobold hits you but does no damage.
You hit the kobold. You headbutt the kobold.
You kill the kobold!
No target in view!
Things that are here:
a +0 short sword; a stone; a kobold corpse Ijyb the Twisted Goblin comes into view.
She is wielding a +3 dagger of venom and carrying a wand of acid (8).
A quokka comes into view.
Ijyb shouts!
Ijyb hits you but does no damage.
You are poisoned.
You hit Ijyb but do no damage.
You feel very sick. Ijyb hits you but does no damage.
You are more poisoned.
You barely miss Ijyb. Your headbutt misses Ijyb.
You feel very sick.
Ijyb screams, "It's all mine!"
Ijyb barely misses you.
The quokka bites you but does no damage.
You feel very mighty all of a sudden.
You feel sick. You block Ijyb's attack. The quokka closely misses you.
You closely miss Ijyb.
You feel very sick.
Ijyb hits you with a +3 dagger of venom.
You are more poisoned.
The quokka barely misses you.
Ijyb zaps a wand.
The bolt of acid hits you.
You closely miss Ijyb. You headbutt Ijyb.
Ijyb is moderately wounded.
* * * LOW HITPOINT WARNING * * *
You feel very sick.
A giant cockroach comes into view.
You block the quokka's attack.
Ijyb zaps a wand.
The bolt of acid hits you!
Ouch! That really hurt!
You die...

### #.. #..
####.## ..... #.g#
# #.@##.#..# #
####..r.....#
###.##..).....####
#......##.##......
#.#.##.##.# ......
.. #<##.. ...... .
#.##... ..B..
#.......#....
#.......?....


You could see Ijyb, a quokka and a giant cockroach (wandering).

Vanquished Creatures
  3 adders (D:2)
  A worm (D:2)
  2 orcs (D:2)
  3 endoplasms
  2 giant cockroaches
  2 goblins
  3 hobgoblins
  4 kobolds
  A quokka (D:1)
  3 ball pythons
  5 bats
  2 frilled lizards (D:2)
  2 rats
33 creatures vanquished.

Notes
Turn   | Place    | Note
-------+----------+-------------------------------------------
     0 | D:1      | greenreed the Minotaur Fighter began the quest for the Orb.
     0 | D:1      | Reached XP level 1. HP: 19/19 MP: 0/0
    32 | D:1      | Found a faded altar of an unknown god.
   522 | D:1      | Reached XP level 2. HP: 25/27 MP: 1/1
  1067 | D:2      | Found Ugax's Book Shoppe.
  1203 | D:2      | Reached XP level 3. HP: 34/34 MP: 2/2
  1654 | D:3      | Noticed Ijyb
  1661 | D:3      | Killed from afar by Ijyb

Illustrated notes

Levels and vault maps discovered:
D:1:      zelgadis_glass_arrival_small, layout_loops_corners,
          shapermc_ecumenical_altar_totnotflames, minmay_strange_pillars
D:2:      layout_loops_ring, serial_shops, nicolae_diamond_shop
D:3:      layout_loops_cross, mainiacjoe_overflow_big_doors, uniq_terence,
          uniq_ijyb

Skill      XL: |  1  2  3 |
---------------+----------+-----
Fighting       | 4 |  4.4
Shields        | 4 |  4.3
Armour         | 4 |  4.1
Maces & Flails | 3 |  3.2
Dodging        | |  0.3

Action                   || total
-------------------------++-------
Melee: Flail             ||    79
       Headbutt          ||    11
  Use: Potion            ||     1
Armor: Scale mail        ||    18
       Plate armour      ||    25
Dodge: Dodged            ||    30
Block: Buckler           ||    21

Table legend: (Time is in decaauts)
 A = Elapsed time spent in this place.
 B = Non-inter-level travel time spent in this place.
 C = Inter-level travel time spent in this place.
 D = Time resting spent in this place.
 E = Time spent auto-exploring this place.
 F = Levels seen in this place.
 G = Mean time per level.
                   A        B        C        D        E       F      G
               +--------+--------+--------+--------+--------+-----+--------+
         Total |   1684 |   1566 |    118 |      0 |   1327 |   3 |  561.3 |
       Dungeon |   1684 |   1566 |    118 |      0 |   1327 |   3 |  561.3 |
               +--------+--------+--------+--------+--------+-----+--------+

Top non-repeatable levels by time:
     D:1: 1042 daAuts
     D:2: 628 daAuts
     D:3: 13 daAuts
